 Dungeon Sprint DCSS version 0.31.0-12-g77e489cdc1 (webtiles) character file.

Game seed: 8310684171178499626

3451 CougarLife the Brawler (level 9, -4/102 HPs)
             Began as a Troll Fighter on Feb 27, 2024.
             Was the Champion of Cheibriados.
             Slain by a 12-headed hydra (8 damage)
             ... in the Dungeon (Sprint IX: "|||||||||||||||||||||||||||||").
             The game lasted 00:02:59 (643 turns).

CougarLife the Brawler (Troll Fighter)               Turns: 643, Time: 00:02:59

Health: -4/102     AC:  9    Str: 45    XL:     9   Next: 78%
Magic:  13/13      EV: 15    Int: 19    God:    Cheibriados [******]
Gold:   3          SH: 12    Dex: 24    Spells: 8/8 levels left

rFire   . .          .
                       - Unarmed
rCold   . . .        b - +0 kite shield
rNeg    . . .        o - +2 troll leather armour
rPois   .            (helmet restricted)
rElec   .            (no cloak)
rCorr   .            (gloves unavailable)
SInv    .            (boots unavailable)
Will    .....        (no amulet)
Stlth   ++           m - +2 ring of evasion
HPRegen 1.97/turn    n - +2 ring of protection
MPRegen 0.13/turn

%: no teleportation
@: very slow
A: large, unfitting armour, claws 3, regeneration 1, shaggy fur 1, tough skin 1
a: Renounce Religion, Bend Time, Temporal Distortion, Slouch, Step From Time


You were in the Dungeon.
You worshipped Cheibriados.
Cheibriados was exalted by your worship.
You visited 1 branch You collected 3 gold pieces.

Inventory:

Armour
 b - a +0 kite shield (worn)
 o - a +2 troll leather armour (worn)
Jewellery
 m - a +2 ring of evasion (left claw)
 n - a +2 ring of protection (right claw)
Wands
 l - a wand of acid (10)
Scrolls
 i - 3 scrolls of blinking
 k - 2 scrolls of amnesia
 p - a scroll of fear
 r - a scroll of fog
 s - 2 scrolls of enchant weapon
Potions
 a - 2 potions of resistance
 c - a potion of might
 d - 7 potions of curing
 e - 4 potions of heal wounds
 f - 2 potions of haste
 g - 4 potions of magic
 j - a potion of invisibility


   Skills:
 + Level 10.5 Fighting
 + Level 6.1 Dodging
 + Level 6.6 Shields
 + Level 15.3 Unarmed Combat
 * Level 7.0 Invocations


You had 8 spell levels left.
You didn't know any spells.
Your spell library was empty.

Dungeon Overview and Level Annotations

Branches:
Dungeon (1/1)

Altars:
Cheibriados
Dithmenos
Elyvilon
Fedhas
Gozag
Hepliaklqana
Kikubaaqudgha
Makhleb
Nemelex Xobeh
Okawaru
Qazlal
Ru
Sif Muna
Trog
Uskayaw
Vehumet
Wu Jian
Xom
Yredelemnul
Zin
The Shining One
Jiyva
Lugonu


Innate Abilities, Weirdness & Mutations

You are too large for most types of armour.
You have claws for hands.
Your natural rate of healing is unusually fast.
You are covered in fur. (AC +1)
You have tough skin. (AC +1)


Message History

The nine-headed hydra barely misses you.
The nine-headed hydra bites you.
You block the nine-headed hydra's attack. x2
The nine-headed hydra bites you but does no damage.
The nine-headed hydra barely misses you.
You claw one of the nine-headed hydra's heads off!
The eight-headed hydra grows two more!
You mangle the ten-headed hydra!!
The ten-headed hydra is almost dead.
The ten-headed hydra bites you. The ten-headed hydra bites you!
The ten-headed hydra closely misses you.
You block the ten-headed hydra's attack.
The ten-headed hydra bites you but does no damage.
You block the ten-headed hydra's attack. x2
The ten-headed hydra bites you but does no damage.
The ten-headed hydra misses you. The ten-headed hydra bites you.
You tear one of the ten-headed hydra's heads off!
The nine-headed hydra grows two more!
You mangle the 11-headed hydra!!
The 11-headed hydra is almost dead.
The 11-headed hydra bites you but does no damage.
The 11-headed hydra closely misses you.
The 11-headed hydra bites you but does no damage.
The 11-headed hydra closely misses you. The 11-headed hydra bites you.
The 11-headed hydra barely misses you.
You block the 11-headed hydra's attack. x3
The 11-headed hydra barely misses you. The 11-headed hydra bites you!
* * * LOW HITPOINT WARNING * * *
You barely miss the 11-headed hydra.
The 11-headed hydra is almost dead.
You tear one of the 11-headed hydra's heads off!
The ten-headed hydra grows two more!
You scratch the 12-headed hydra.
The 12-headed hydra is almost dead.
The 12-headed hydra closely misses you.
The 12-headed hydra bites you but does no damage.
The 12-headed hydra closely misses you. The 12-headed hydra bites you.
* * * LOW HITPOINT WARNING * * *
The 12-headed hydra closely misses you. The 12-headed hydra bites you!
* * * LOW HITPOINT WARNING * * *
The 12-headed hydra closely misses you.
The 12-headed hydra bites you but does no damage.
You block the 12-headed hydra's attack. x2; The 12-headed hydra bites you!
You die...

▓▓▓▓▓▓▓▓▓▓▓▓▓▓▓▓▓▓▓▓▓▓▓▓▓▓▓▓▓▓
......††[....FkD@....'.......▓
▓▓▓▓▓▓▓▓▓▓▓▓▓▓▓▓▓▓▓▓▓▓▓▓▓▓▓▓.▓
.............................▓
▓▓▓▓▓▓▓▓▓▓▓▓▓▓▓▓▓▓▓▓▓▓▓▓▓▓▓▓▓▓
____________'....)'..†))'...<▓
▓▓▓▓▓▓▓▓▓▓▓▓▓▓▓▓▓▓▓▓▓▓▓▓▓▓▓▓▓▓


You could see a 12-headed hydra, a wyvern and a bullfrog.

Vanquished Creatures
  A hydra (D)
  A manticore (D)
  A black mamba (D)
  A tengu conjurer (D)
  4 trolls (D)
  2 slime creatures (D)
  A yak (D)
  A water moccasin (D)
  An orc warrior (D)
  A wolf (D)
  A centaur (D)
  3 bullfrogs (D)
  A sleepcap (D)
  An orc wizard (D)
  An adder (D)
  An orc (D)
  A goblin (D)
  A jackal (D)
  A kobold (D)
  2 bats (D)
  A rat (D)
28 creatures vanquished.

Notes
Turn   | Place    | Note
-------+----------+-------------------------------------------
     0 | D        | CougarLife the Troll Fighter began the quest for the Orb.
     0 | D        | Reached XP level 1. HP: 22/22 MP: 0/0
     8 | D        | Reached skill level 3 in Unarmed Combat
    16 | D        | Noticed a sleepcap
    16 | D        | Noticed a water moccasin
    20 | D        | Reached skill level 4 in Unarmed Combat
    20 | D        | Reached XP level 2. HP: 28/31 MP: 1/1
    27 | D        | Killed a water moccasin
    28 | D        | Reached skill level 5 in Fighting
    28 | D        | Reached skill level 8 in Unarmed Combat
    28 | D        | Reached XP level 3. HP: 24/42 MP: 2/2
    28 | D        | Reached XP level 4. HP: 28/50 MP: 3/3
    33 | D        | Reached XP level 5. HP: 11/57 MP: 4/4
    81 | D        | Found a snail-covered altar of Cheibriados.
    81 | D        | Found a shadowy altar of Dithmenos.
    81 | D        | Found a white marble altar of Elyvilon.
    81 | D        | Found a blossoming altar of Fedhas.
    81 | D        | Found an opulent altar of Gozag.
    82 | D        | Found a hazy altar of Hepliaklqana.
    83 | D        | Found a viscous altar of Jiyva.
    84 | D        | Found an ancient bone altar of Kikubaaqudgha.
    85 | D        | Found a corrupted altar of Lugonu.
    86 | D        | Found a burning altar of Makhleb.
    87 | D        | Found a sparkling altar of Nemelex Xobeh.
    88 | D        | Found an iron altar of Okawaru.
    93 | D        | Became a worshipper of Cheibriados the Contemplative
    98 | D        | Found a stormy altar of Qazlal.
    99 | D        | Found a sacrificial altar of Ru.
   100 | D        | Found a shimmering blue altar of Sif Muna.
   101 | D        | Found a bloodstained altar of Trog.
   102 | D        | Found a hide-covered altar of Uskayaw.
   103 | D        | Found a radiant altar of Vehumet.
   104 | D        | Found an ornate altar of the Wu Jian Council.
   105 | D        | Found a shimmering altar of Xom.
   106 | D        | Found a basalt altar of Yredelemnul.
   107 | D        | Found a glowing silver altar of Zin.
   108 | D        | Found a glowing golden altar of the Shining One.
   146 | D        | Noticed a troll
   146 | D        | Noticed a centaur
   146 | D        | Noticed a troll
   146 | D        | Noticed an orc warrior
   146 | D        | Noticed a yak
   154 | D        | Killed a yak
   155 | D        | Reached skill level 10 in Unarmed Combat
   155 | D        | Reached XP level 6. HP: 43/68 MP: 5/5
   155 | D        | Killed an orc warrior
   155 | D        | Reached * piety under Cheibriados
   156 | D        | Reached skill level 11 in Unarmed Combat
   164 | D        | Killed a troll
   165 | D        | Reached skill level 12 in Unarmed Combat
   165 | D        | Reached XP level 7. HP: 46/80 MP: 6/6
   169 | D        | Reached ** piety under Cheibriados
   170 | D        | Reached skill level 13 in Unarmed Combat
   174 | D        | Killed a troll
   175 | D        | Reached skill level 14 in Unarmed Combat
   334 | D        | Noticed a troll
   334 | D        | Noticed a tengu conjurer
   334 | D        | Noticed a slime creature
   334 | D        | Noticed a manticore
   334 | D        | Noticed a slime creature
   334 | D        | Noticed a troll
   345 | D        | Killed a slime creature
   345 | D        | Reached *** piety under Cheibriados
   346 | D        | Reached skill level 1 in Invocations
   346 | D        | Reached XP level 8. HP: 59/92 MP: 6/8
   348 | D        | Killed a troll
   357 | D        | Killed a manticore
   357 | D        | Reached **** piety under Cheibriados
   361 | D        | Killed a slime creature
   362 | D        | Reached skill level 5 in Shields
   363 | D        | Killed a tengu conjurer
   364 | D        | Reached XP level 9. HP: 68/101 MP: 7/11
   367 | D        | Killed a troll
   367 | D        | Reached ***** piety under Cheibriados
   368 | D        | Reached skill level 10 in Fighting
   368 | D        | Reached skill level 5 in Dodging
   613 | D        | Noticed a black mamba
   614 | D        | Noticed a four-headed hydra
   617 | D        | Killed a black mamba
   618 | D        | Reached skill level 15 in Unarmed Combat
   618 | D        | Reached skill level 5 in Invocations
   620 | D        | Reached ****** piety under Cheibriados
   622 | D        | Noticed a seven-headed hydra
   627 | D        | Killed a ten-headed hydra
   643 | D        | HP: 4/102 [12-headed hydra (13)]
   643 | D        | Slain by a 12-headed hydra

Illustrated notes

Levels and vault maps discovered:
D:        linesprint [early_d, line_temple, items_1, d_10, items_2, lair_1,
          lair_end, items_3, orc_1, orc_end, items_4, d_15, swamp_1, shoals_1,
          snake_1, spider_1, d_20, vaults_1, items_5, swamp_end, shoals_end,
          snake_end, spider_end, vaults_end, d_27, items_6, zot_1, zot_end,
          crypt_end, forest_end, elf_end, slime_end, tomb_end, abyss_end,
          pan_hell_end]

Skill      XL: |  1  2  3  4  5  6  7  8  9 |
---------------+----------------------------+-----
Unarmed Combat | 4 8 10 12 14 15 | 15.3
Fighting       | 3 5 6 8 9 10 | 10.5
Shields        | 3 5 6 |  6.6
Invocations    | 1 4 7 |  7.0
Dodging        | 4 6 |  6.1

Action                     |  1- 3 |  4- 6 |  7- 9 || total
---------------------------+-------+-------+-------++-------
  Melee: Unarmed           |    16 |    21 |    59 ||    96
    Use: Potion            |       |       |     2 ||     2
         Scroll            |       |       |     2 ||     2
 Armour: Robe              |    13 |    12 |     8 ||    33
         Troll leather arm |       |       |    66 ||    66
  Dodge: Dodged            |     3 |     6 |    62 ||    71
  Block: Kite shield       |     7 |     6 |    56 ||    69
